[Event "ICC tourney 2580 (30 10)"]
[Site "Internet Chess Club"]
[Date "2021.05.23"]
[Round "8"]
[White "SRIDHAR, VINAY:VinaySridhar"]
[Black "Bi, Lige:Bilige1103"]
[Result "0-1"]
[ICCResult "White checkmated"]
[WhiteElo "1054"]
[BlackElo "829"]
[Opening "King's Indian defense, 3.Nc3"]
[ECO "E61"]
[NIC "KI.80"]
[Time "17:01:10"]
[PlyCount "62"]
[TimeControl "1800+10"]

1. d4 Nf6 2. c4 g6 3. Nc3 Bg7 4. Bf4 d6 5. Nf3 O-O 6. e3 a5 7. Be2 Bf5 8.
O-O Na6 9. Qb3 Rb8 10. Qb5 c6 11. Qb3 Nh5 12. Bg3 Nxg3 13. fxg3 Bh6 14. e4
Bd7 15. d5 cxd5 16. cxd5 Nc5 17. Qc4 Be3+ 18. Kh1 b5 19. Nxb5 Bxb5 20. Qc2
Bxe2 21. Qxe2 Bh6 22. Rab1 Bg7 23. Rfe1 Na4 24. e5 dxe5 25. Nxe5 Qxd5 26.
Rbd1 Qxa2 27. Nd7 Rxb2 28. Rd2 Rxd2 29. Qxe7 Rxg2 30. Nxf8 Rxh2+ 31. Kg1
Qf2# { White checkmated } 0-1

[Event "ICC tourney 2580 (30 10)"]
[Site "Internet Chess Club"]
[Date "2021.05.23"]
[Round "8"]
[White "Cheng, Samuel:Samuel1001"]
[Black "ADUSUMALLI, ANIRUDH SAI:Anichess2009"]
[Result "1-0"]
[ICCResult "Black resigns"]
[WhiteElo "942"]
[BlackElo "886"]
[Opening "Petrov's defense"]
[ECO "C42"]
[NIC "RG.03"]
[Time "17:01:39"]
[PlyCount "57"]
[TimeControl "1800+10"]

1. e4 e5 2. Nf3 Nf6 3. Nxe5 Qe7 4. Nf3 Nxe4 5. Be2 Nc6 6. O-O Nf6 7. Nc3 g6
8. d4 Bg7 9. Bf4 d6 10. h3 O-O 11. Bc4 Be6 12. d5 Na5 13. Bb3 Nxb3 14. cxb3
Bf5 15. Re1 Qd7 16. Qd2 Rfe8 17. Rad1 Rxe1+ 18. Rxe1 Re8 19. Rxe8+ Qxe8 20.
Qe1 Qxe1+ 21. Nxe1 Ne4 22. g4 Nxc3 23. bxc3 Be4 24. c4 Bb1 25. a3 Ba2 26.
c5 Be5 27. Bxe5 dxe5 28. d6 Bxb3 29. d7 { Black resigns } 1-0

[Event "ICC tourney 2580 (30 10)"]
[Site "Internet Chess Club"]
[Date "2021.05.23"]
[Round "8"]
[White "TRAN, NGUYEN NAM:nguyencaptures"]
[Black "NGUYEN, THANH VIET:thanhcaptures"]
[Result "1-0"]
[ICCResult "Black checkmated"]
[WhiteElo "1021"]
[BlackElo "1187"]
[Opening "Two knights defense"]
[ECO "C56"]
[NIC "KP.02"]
[Time "17:01:12"]
[PlyCount "103"]
[TimeControl "1800+10"]

1. e4 e5 2. Nf3 Nc6 3. Bc4 Nf6 4. d4 exd4 5. O-O Nxe4 6. Re1 d5 7. Bxd5
Qxd5 8. Nc3 Qa5 9. Nxe4 Be6 10. Neg5 O-O-O 11. Nxe6 fxe6 12. Rxe6 Bd6 13.
Bg5 Rde8 14. Qe2 Kd7 15. Re1 Ref8 16. Bd2 Qh5 17. h3 Re8 18. Rxe8 Rxe8 19.
Qd1 Rxe1+ 20. Qxe1 Qd5 21. Ng5 Ne5 22. Qe2 h6 23. f4 Nc4 24. Nf3 Nxb2 25.
Ne5+ Bxe5 26. fxe5 d3 27. cxd3 Qxd3 28. e6+ Ke7 29. Bb4+ Ke8 30. Qxb2 Qd1+
31. Kh2 Qf1 32. Qd4 Qb5 33. Bc3 Qc6 34. Qe5 Qd6 35. Qxd6 cxd6 36. Bxg7 Ke7
37. Bxh6 Kxe6 38. g4 d5 39. Bd2 b5 40. h4 d4 41. h5 Kf7 42. g5 d3 43. Kg3
Ke6 44. h6 Kf7 45. Kf4 Kg6 46. Kg4 a6 47. Kf4 Kh7 48. Ke5 Kg6 49. Ke6 Kh7
50. Kf7 a5 51. g6+ Kh8 52. Bc3# { Black checkmated } 1-0

[Event "ICC tourney 2580 (30 10)"]
[Site "Internet Chess Club"]
[Date "2021.05.23"]
[Round "8"]
[White "VILLEGAS, HOWARD ANDREI:HowardAV5223"]
[Black "BUTENKO, ZLATA:butik666"]
[Result "1/2-1/2"]
[ICCResult "Game drawn because neither player has mating material"]
[WhiteElo "922"]
[BlackElo "1051"]
[Opening "Vienna gambit"]
[ECO "C29"]
[NIC "VG.04"]
[Time "17:01:08"]
[PlyCount "103"]
[TimeControl "1800+10"]

1. e4 e5 2. Nc3 Nf6 3. f4 exf4 4. e5 Ng8 5. Nf3 Bc5 6. d4 Bb6 7. Bxf4 h6 8.
Bc4 Ne7 9. Qe2 O-O 10. O-O-O a5 11. Ne4 Nbc6 12. Qd2 Nb4 13. Bxh6 d5 14.
exd6 Ng6 15. Qg5 Qxg5+ 16. Bxg5 Bf5 17. Rhe1 cxd6 18. c3 Bxe4 19. Rxe4 d5
20. Re2 dxc4 21. cxb4 axb4 22. Rc2 Rfc8 23. Kb1 f6 24. Bd2 b3 25. axb3 cxb3
26. Rxc8+ Rxc8 27. Rc1 Rd8 28. Be3 Ne7 29. Rc3 Nf5 30. Rxb3 Bxd4 31. Bxd4
Nxd4 32. Rxb7 Nxf3 33. gxf3 Rd2 34. b4 Rxh2 35. b5 Rf2 36. b6 Rxf3 37. Kc2
g5 38. Rb8+ Kf7 39. Rc8 Rf2+ 40. Kd3 Rb2 41. Rb8 Ke7 42. Kc3 Rb5 43. Kc4
Rb1 44. Kd5 Kd7 45. Rb7+ Kc8 46. Rc7+ Kb8 47. Rc6 Kb7 48. Rxf6 Rxb6 49.
Rxb6+ Kxb6 50. Ke5 Kc5 51. Kf5 Kd4 52. Kxg5 { Game drawn because neither
player has mating material } 1/2-1/2

[Event "ICC tourney 2580 (30 10)"]
[Site "Internet Chess Club"]
[Date "2021.05.23"]
[Round "8"]
[White "SPANTZEL, ARNOLD:ThorGodOfBlitz"]
[Black "BHOSALE, ARNAV:avbhosale"]
[Result "1-0"]
[ICCResult "Black checkmated"]
[WhiteElo "1082"]
[BlackElo "752"]
[Opening "Giuoco Piano: LaBourdonnais variation"]
[ECO "C53"]
[NIC "IG.02"]
[Time "17:01:19"]
[PlyCount "137"]
[TimeControl "1800+10"]

1. e4 e5 2. Nf3 Nc6 3. Bc4 Bc5 4. c3 d6 5. d4 exd4 6. cxd4 Bb6 7. Nc3 Bg4
8. Be3 h6 9. Qb3 Qf6 10. Nd5 Qd8 11. Nxb6 axb6 12. Bxf7+ Kf8 13. Bxg8 Rxg8
14. d5 Bxf3 15. gxf3 Ne5 16. Bd4 Qf6 17. Bxe5 dxe5 18. Qb4+ Kf7 19. Qc3
Rac8 20. Qb3 Ke7 21. Qa3+ Qd6 22. Qxd6+ Kxd6 23. O-O Rcf8 24. Kg2 g5 25.
Kg3 Rf4 26. h3 h5 27. Kg2 g4 28. Rg1 gxh3+ 29. Kf1 Rxg1+ 30. Kxg1 Rxf3 31.
Rf1 Rf4 32. f3 c6 33. dxc6 bxc6 34. Kh2 Kc5 35. Kg3 h4+ 36. Kxh3 Kd4 37.
Kg2 Ke3 38. Re1+ Kd2 39. Rf1 c5 40. Rf2+ Ke3 41. Rc2 Rxf3 42. Rc3+ Kxe4 43.
Rxf3 b5 44. Rh3 c4 45. Kf2 Kd4 46. Ke2 e4 47. Kd2 b4 48. b3 c3+ 49. Kc2 Kd5
50. Rxh4 Kd4 51. Rh1 Ke3 52. Kd1 Kd3 53. Rh3+ Kd4 54. Ke2 e3 55. Rh4+ Kc5
56. Kxe3 Kb5 57. Kd3 Kc6 58. Rxb4 Kd5 59. Kxc3 Kc5 60. a4 Kc6 61. a5 Kc7
62. a6 Kc6 63. a7 Kc5 64. a8=Q Kd6 65. Qc8 Ke7 66. Rd4 Kf7 67. Qc6 Kg7 68.
Rd7+ Kh8 69. Qc8# { Black checkmated } 1-0